 Dungeon Crawl Stone Soup version 0.29.1-15-g9cfb28693d (webtiles) character file.

Game seed: 1604869086619170658

7611 Wiggles the Severer (level 10, -2/77 HPs)
             Began as a Minotaur Berserker on Mar 28, 2023.
             Was a High Priest of Trog.
             Slain by an orc warrior
             ... wielding a +0 flail
              (7 damage)
             ... on level 9 of the Dungeon.
             The game lasted 00:16:11 (9476 turns).

Wiggles the Severer (Minotaur Berserker)            Turns: 9476, Time: 00:16:12

Health: -2/77      AC: 16    Str: 33    XL:     10   Next: 98%
Magic:  9/9        EV:  9    Int:  4    God:    Trog [*****.]
Gold:   352        SH:  0    Dex:  9    Spells: 9/9 levels left

rFire   . . .      SeeInvis +   b - +4 battleaxe (protect)
rCold   . . .      Faith    +   (shield currently unavailable)
rNeg    . . .      Spirit   .   k - +0 chain mail
rPois   .          Reflect  .   (helmet restricted)
rElec   .          Harm     .   (no cloak)
rCorr   .          Rampage  .   (no gloves)
Will    .....                   g - +0 pair of boots
Stlth   ..........              f - amulet of faith
HPRegen 0.22/turn               t - +6 ring of strength
MPRegen 0.11/turn               s - ring of see invisible

@: under a protective aura, on berserk cooldown, slowed, very slow
A: horns 2, retaliatory headbutt
a: Renounce Religion, Berserk, Trog's Hand, Brothers in Arms


You were on level 9 of the Dungeon.
You worshipped Trog.
Trog was extremely pleased with you.
You visited 1 branch of the dungeon, and saw 9 of its levels.

You collected 475 gold pieces.
You spent 123 gold pieces at shops.

Inventory:

Hand Weapons
 b - a +4 battleaxe of protection (weapon)
Missiles
 j - 2 throwing nets (quivered)
Armour
 g - a +0 pair of boots (worn)
 k - a +0 chain mail (worn)
Jewellery
 f - an amulet of faith (around neck)
 s - a ring of see invisible (right hand)
 t - a +6 ring of strength (left hand)
 w - a +6 ring of intelligence
 x - a ring of flight
 B - a +6 ring of strength
 C - a ring of poison resistance
 D - a ring of protection from fire
Wands
 i - a wand of light (10)
 l - a wand of charming (12)
 q - a wand of flame (57)
 F - a wand of digging (8)
Scrolls
 d - 3 scrolls of teleportation
 e - 2 scrolls of blinking
 y - a scroll of fog
 A - a scroll of immolation
 E - a scroll of identify
Potions
 a - 4 potions of flight
 c - 3 potions of degeneration
 h - a potion of might
 m - a potion of haste {unknown}
 n - 6 potions of lignification
 o - 2 potions of cancellation
 p - 4 potions of curing
 r - 3 potions of heal wounds
 u - a potion of magic {unknown}
 v - 2 potions of mutation {unknown}
 z - a potion of brilliance {unknown}


   Skills:
 - Level 3.6 Fighting
 + Level 19.3 Axes
 - Level 2.4 Armour
 - Level 2.1 Dodging
 + Level 3.0 Stealth


You had 9 spell levels left.
You didn't know any spells.
Your spell library was empty.

Dungeon Overview and Level Annotations

Branches:
Dungeon (9/15)             Temple (0/1) D:4            Lair (0/5) D:9
    Orc: D:9-12

Altars:
Ashenzari
Cheibriados
Dithmenos
Fedhas
Makhleb
Qazlal
Sif Muna
Trog
Uskayaw
Vehumet
Yredelemnul

Shops:
D:6 *?:*


Innate Abilities, Weirdness & Mutations

You have a pair of horns on your head.
You reflexively headbutt those who attack you in melee.


Message History

Your ogre closely misses the orc priest.
The orc warrior hits you from afar with a +0 glaive.
The orc priest calls down the wrath of Beogh upon you.
Beogh smites you!
The orc warrior hits you with a +0 trident!
* * * LOW HITPOINT WARNING * * *
The orc warrior closely misses you.
The orc priest invokes the aid of Beogh against you.
Pain shoots through your body!
* * * LOW HITPOINT WARNING * * *
The orc warrior barely misses you.
You hit the orc warrior but do no damage.
Your ogre hits the orc priest with a +0 giant club!!
The orc priest dies!
Trog accepts your kill. The orc warrior barely misses you.
The orc warrior closely misses you.
Your ogre closely misses the orc.
You hit the orc warrior.
The orc warrior is lightly wounded.
Your ogre barely misses the orc.
The orc warrior hits you but does no damage.
The orc hits you but does no damage.
Your ogre hits the orc with a +0 giant club!!
The orc dies!
Trog accepts your kill. The orc warrior barely misses you.
The orc warrior hits you but does no damage.
You hit the orc warrior but do no damage.
Your headbutt misses the orc warrior. You closely miss the orc warrior.
Your ogre barely misses the orc warrior.
The orc warrior hits you with a +0 trident!
* * * LOW HITPOINT WARNING * * *
You slash the orc warrior!
The orc warrior is moderately wounded.
You slash the orc warrior! You closely miss the orc warrior.
Your ogre closely misses the orc warrior.
The orc warrior barely misses you.
The orc warrior hits you but does no damage.
The orc warrior hits you with a +0 flail!
You die...

.# #...########8.# ##
#...#8 ....#..#
#...#..##..#..#
#####..8#..#..#
#.#..##..#..#
##.#)...#)#..#
#..#[...#.O..##
#.##_.8.#.o...# ###
####.##[...#@o...# ..#
#.....#..o.#o#...#
..###.....#..##oo#...#
..'.......#..8#.o#...#
..###.....#..##..#...#
..# #.....#8.....#...#
..# #.....########8..#
..# #...........####.#
### #..............(.#


You could see 3 orc warriors, 3 orcs and a friendly ogre (summoned, berserk).

Vanquished Creatures
  Pikel (D:7)
  A kobold demonologist (D:9)
  A troll (D:9)
  Grinder (D:4)
  A hornet (D:8)
  A shadow (D:9)
  3 wyverns (D:9)
  3 yaks (D:7)
  Menkaure (D:4)
  Edmund (D:6)
  4 water moccasins (D:9)
  3 orc warriors
  The ghost of oldplebian the Chopper, an amateur HOCA of Ignis (D:3)
  5 ice beasts
  3 ogres
  5 black bears
  A wolf (D:9)
  4 centaurs
  2 lemures (D:7)
  A phantom (D:4)
  A necrophage (D:6)
  A gnoll sergeant (D:7)
  2 scorpions (D:6)
  3 wights
  11 killer bees (D:9)
  A howler monkey (D:4)
  4 orc priests
  A jelly (D:5)
  A gnoll bouda (D:6)
  2 hounds
  Ijyb (D:4)
  4 iguanas
  15 orc wizards
  A human simulacrum (D:9)
  8 gnolls
  12 adders
  4 white imps
  An ufetubus (D:4)
  2 worms
  2 dart slugs (D:3)
  32 orcs
  7 ball pythons
  4 endoplasms
  4 giant cockroaches
  9 goblins
  12 hobgoblins
  6 jackals
  2 quokkas
  4 bats
  2 frilled lizards
  5 kobolds
  3 rats
210 creatures vanquished.

Vanquished Creatures (collateral kills)
  The ghost of Kazon the Fighter, a novice OgGl of Okawaru (D:9)
  An orc priest (D:9)
  An orc (D:9)
3 creatures vanquished.

Vanquished Creatures (others)
  A human simulacrum (D:9)
  3 fungi (D:9)
  14 plants (D:9)
18 creatures vanquished.

Grand Total: 231 creatures vanquished

Notes
Turn   | Place    | Note
-------+----------+-------------------------------------------
     0 | D:1      | Wiggles the Minotaur Berserker began the quest for the Orb.
     0 | D:1      | Reached XP level 1. HP: 19/19 MP: 0/0
    29 | D:1      | Reached skill level 4 in Axes
   104 | D:1      | Reached XP level 2. HP: 26/26 MP: 1/1
   552 | D:1      | Reached ** piety under Trog
   626 | D:1      | Found a faded altar of an unknown god.
   740 | D:1      | Reached skill level 5 in Axes
   919 | D:2      | Found the +6 shillelagh "Devastator" {shatter}
   925 | D:2      | Reached XP level 3. HP: 20/31 MP: 2/2
  1386 | D:2      | Reached XP level 4. HP: 39/39 MP: 3/3
  1641 | D:3      | Reached skill level 6 in Axes
  1814 | D:3      | Noticed oldplebian's ghost (amateur HOCA)
  1828 | D:3      | Found a runed translucent door.
  1854 | D:3      | Reached skill level 1 in Stealth
  2002 | D:3      | Reached XP level 5. HP: 42/45 MP: 4/4
  2292 | D:3      | Killed oldplebian's ghost
  2293 | D:3      | Reached skill level 7 in Axes
  2386 | D:3      | Reached skill level 8 in Axes
  2386 | D:3      | Reached XP level 6. HP: 14/50 MP: 5/5
  2929 | D:4      | Noticed Ijyb
  2942 | D:4      | Killed Ijyb
  2966 | D:4      | Found a staircase to the Ecumenical Temple.
  2977 | D:4      | Reached skill level 9 in Axes
  3024 | D:4      | Noticed Menkaure
  3039 | D:4      | Killed Menkaure
  3040 | D:4      | Reached XP level 7. HP: 52/57 MP: 6/6
  3154 | D:4      | Found a snail-covered altar of Cheibriados.
  3154 | D:4      | Found a basalt altar of Yredelemnul.
  3158 | D:4      | Reached skill level 10 in Axes
  3187 | D:4      | Found a shimmering blue altar of Sif Muna.
  3188 | D:4      | Found a hide-covered altar of Uskayaw.
  3280 | D:4      | Reached *** piety under Trog
  3451 | D:4      | Noticed Grinder
  3459 | D:4      | Paralysed by Grinder for 2 turns
  3471 | D:4      | Killed Grinder
  3787 | D:5      | Entered Level 5 of the Dungeon
  3828 | D:5      | Reached skill level 11 in Axes
  3828 | D:5      | Reached XP level 8. HP: 64/64 MP: 7/7
  4265 | D:5      | Reached skill level 12 in Axes
  4526 | D:5      | Found a bloodstained altar of Trog.
  4696 | D:5      | Found a blossoming altar of Fedhas.
  4978 | D:5      | Identified a scroll of acquirement
  4978 | D:5      | Acquired a +3 vorpal battleaxe
  5059 | D:6      | Found Vaschail's Magic Scroll Shop.
  5101 | D:6      | Noticed Edmund
  5111 | D:6      | Killed Edmund
  5118 | D:6      | Reached skill level 13 in Axes
  5124 | D:6      | Found a broken altar of Ashenzari.
  5329 | D:6      | Reached XP level 9. HP: 56/70 MP: 8/8
  5404 | D:6      | Reached skill level 14 in Axes
  5427 | D:6      | Found Tejuog's General Store.
  5440 | D:6      | Bought a scroll of brand weapon for 123 gold pieces
  5469 | D:6      | Found a burning altar of Makhleb.
  5521 | D:6      | Found Difecw's Assorted Antiques.
  5523 | D:6      | Found Siump's Book Shop.
  5717 | D:6      | Reached **** piety under Trog
  6082 | D:7      | Identified the +1 ring mail of the Camelopard {rCorr}
  6528 | D:7      | Noticed Pikel
  6536 | D:7      | Killed Pikel
  6537 | D:7      | Reached skill level 15 in Axes
  6665 | D:7      | Reached skill level 16 in Axes
  7302 | D:8      | Found a radiant altar of Vehumet.
  7360 | D:8      | Reached XP level 10. HP: 77/77 MP: 9/9
  7920 | D:9      | Reached skill level 17 in Axes
  8114 | D:9      | Found a stormy altar of Qazlal.
  8187 | D:9      | Reached ***** piety under Trog
  8294 | D:9      | Reached skill level 18 in Axes
  8294 | D:9      | Found a staircase to the Lair.
  9040 | D:9      | Reached skill level 19 in Axes
  9218 | D:9      | Found a runed translucent gate.
  9219 | D:9      | Noticed Kazon's ghost (novice OgGl)
  9219 | D:9      | Found a runed translucent gate.
  9220 | D:9      | Found a runed translucent gate.
  9221 | D:9      | Identified the +4 chain mail "Qephy" {*Slow Int+4 Dex+2
                  | SInv}
  9260 | D:9      | Found a shadowy altar of Dithmenos.
  9468 | D:9      | Killed Kazon's ghost
  9476 | D:9      | Slain by an orc warrior

Illustrated notes

Levels and vault maps discovered:
D:1:      minmay_arrival_four_loops, layout_basic,
          shapermc_ecumenical_altar_hornbeckon, st_stairs_1
D:2:      layout_rooms
D:3:      layout_rooms, hellmonk_ghost_happy_afterlife, minmay_ruptured
D:4:      layout_loops_ring, nicolae_overflow_quartered_altars,
          minmay_temple_entry_arrows, uniq_menkaure, uniq_grinder, uniq_ijyb
D:5:      layout_loops_corners, mainiacjoe_overflow_alcove_1,
          lightli_temple_of_fire
D:6:      layout_basic, evilmike_ruin_ashenzari, mainiacjoe_overflow_alcove_2,
          serial_shops, shop, shop, shop_statue, shop, uniq_edmund
D:7:      nicolae_cairo_tiling, layout_basic, uniq_pikel, uniq_maggie
D:8:      layout_basic, fiery_altar_vehumet
D:9:      layout_roguey, nicolae_overflow_crystal_walls, kennysheep_little_box,
          minmay_lair_entry_grove, biasface_ghost_orc_armoury,
          grunt_ministairs_15, nicolae_concentric_dashed_squares_mild,
          kennysheep_path_1, bh_circular_ruins

Skill      XL: |  1  2  3  4  5  6  7  8  9 10 |
---------------+-------------------------------+-----
Axes           | 4 5 6 8 9 11 13 16 19 | 19.3
Stealth        | 1 2 3 |  3.0
Fighting       | |  3.6
Armour         | |  2.4
Dodging        | |  2.1

Action                   |  1- 3 |  4- 6 |  7- 9 | 10-12 || total
-------------------------+-------+-------+-------+-------++-------
Melee: Hand axe          |    58 |       |       |       ||    58
       Headbutt          |     7 |    13 |    35 |    11 ||    66
       War axe           |     8 |   104 |    78 |       ||   190
       Battleaxe         |       |       |   122 |   114 ||   236
Invok: Berserk           |       |     4 |     4 |     3 ||    11
       Brothers in Arms  |       |       |       |     1 ||     1
  Use: Scroll            |       |       |    16 |     1 ||    17
 Stab: Sleeping          |     1 |       |       |       ||     1
Armor: Animal skin       |    10 |       |       |       ||    10
       Ring mail         |     2 |     6 |       |       ||     8
       Chain mail        |       |    49 |    88 |    77 ||   214
Dodge: Dodged            |    53 |    33 |    78 |    56 ||   220
